 Dungeon Crawl Stone Soup version 0.26.1-11-gd32895ea62 (webtiles) character file.

Game seed: 9171822620308876286

164652 phalm the Luminary of Lethal Lore (level 17, -7/133 HPs)
             Began as a Gnoll Conjurer on June 14, 2021.
             Was the Champion of Vehumet.
             Mangled by a spark wasp (12 damage)
             ... on level 4 of the Spider Nest on June 15, 2021.
             The game lasted 02:07:30 (43078 turns).

phalm the Luminary of Lethal Lore (Gnoll Conjurer) Turns: 43078, Time: 02:07:30

Health: -7/133     AC: 16    Str: 20      XL:     17   Next: 86%
Magic:  0/33       EV: 20    Int: 29      God:    Vehumet [******]
Gold:   1283       SH: 18    Dex: 17 (18) Spells: 4/41 levels left

rFire    + + .     SeeInvis +   K - +3 broad axe of Subjectivity {freeze, rElec Int+3 Dex-5 Stlth+}
rCold    . . .     Faith    .   c - +0 kite shield
rNeg     . . .     Spirit   .   X - +2 leather armour "Tannoe" {Regen+ Str+2 Int+4}
rPois    +         Reflect  +   m - +1 helmet "Atizefio" {Str+5}
rElec    +         Harm     .   r - +2 cloak {rPois}
rCorr    .         Rampage  .   t - +0 pair of gloves
Will     ++++.                  H - +1 pair of boots {Fly}
Stlth    +++++++...             L - amulet "Sivaineano" {Reflect rF+ Str+2 Dex+3 SH+5}
HPRegen  0.72/turn              v - ring of see invisible
MPRegen  0.23/turn              A - ring "Potz" {rF+ Will+++ Int-4 Dex+6 Stlth+}

@: flying
A: distributed training, fangs 1, strong nose
a: Stop Flying, Renounce Religion


You were on level 4 of the Spider Nest.
You worshipped Vehumet.
Vehumet was exalted by your worship.
You visited 5 branches of the dungeon, and saw 28 of its levels.
You also visited: Gauntlet.

You collected 4003 gold pieces.
You spent 2720 gold pieces at shops.


Innate Abilities, Weirdness & Mutations

Your experience applies equally to all skills.
You have very sharp teeth.
Your uncanny sense of smell can sniff out nearby items.


   Skills:
 + Level 11.8 Fighting
 + Level 11.8 Short Blades
 + Level 11.8 Long Blades
 + Level 11.8 Axes
 + Level 11.8 Maces & Flails
 + Level 11.8 Polearms
 + Level 11.8 Staves
 + Level 11.8 Slings
 + Level 11.8 Bows
 + Level 11.8 Crossbows
 + Level 11.8 Throwing
 + Level 11.8 Armour
 + Level 12.5 Dodging
 + Level 12.4 Stealth
 + Level 11.8 Shields
 + Level 11.8 Unarmed Combat
 + Level 12.6 Spellcasting
 + Level 12.1 Conjurations
 + Level 10.1 Hexes
 + Level 10.1 Summonings
 + Level 10.1 Necromancy
 + Level 10.1 Translocations
 + Level 10.1 Transmutations
 + Level 10.1 Fire Magic
 + Level 10.1 Ice Magic
 + Level 10.1 Air Magic
 + Level 10.1 Earth Magic
 + Level 10.1 Poison Magic
 + Level 12.7 Invocations
 + Level 11.8 Evocations


You had 4 spell levels left.
You knew the following spells:

 Your Spells              Type           Power        Failure   Level
a - Airstrike             Air            33%          1%          4
c - Freezing Cloud        Conj/Ice/Air   34%          2%          6
f - Fulminant Prism       Conj/Hex       35%          1%          4
l - Fireball              Conj/Fire      35%          1%          5
n - Dispel Undead         Necr           67%          1%          4
o - Olgreb's Toxic Radia  Pois           67%          1%          4
r - Irradiate             Conj/Tmut      35%          1%          5
s - Searing Ray           Conj           100%         1%          2
Y - Ignite Poison         Fire/Tmut/Pois 67%          1%          3

Your spell library contained the following spells:

 Spells                   Type           Power        Failure   Level
 Spellforged Servitor     Conj/Summ      35%          11%         7
 Animate Skeleton         Necr           100%         1%          1
 Apportation              Tloc           100%         1%          1
 Corona                   Hex            74%          1%          1
 Foxfire                  Conj/Fire      100%         1%          1
 Magic Dart               Conj           100%         1%          1
 Shock                    Conj/Air       100%         1%          1
 Sting                    Tmut/Pois      100%         1%          1
 Summon Small Mammal      Summ           100%         1%          1
 Blink                    Tloc           N/A          1%          2
 Corpse Rot               Necr/Air       N/A          1%          2
 Poisonous Vapours        Pois/Air       100%         1%          2
 Sublimation of Blood     Necr           33%          1%          2
 Swiftness                Air            67%          1%          2
 Conjure Flame            Conj/Fire      70%          1%          3
 Dazzling Flash           Conj/Hex       100%         1%          3
 Gell's Gravitas          Tloc           33%          1%          3
 Inner Flame              Hex/Fire       67%          1%          3
 Lesser Beckoning         Tloc           33%          1%          3
 Mephitic Cloud           Conj/Pois/Air  69%          1%          3
 Static Discharge         Conj/Air       70%          1%          3
 Teleport Other           Tloc           67%          1%          3
 Iskenderun's Mystic Bla  Conj/Tloc      70%          1%          4
 Leda's Liquefaction      Hex/Erth       33%          1%          4
 Passage of Golubria      Tloc           N/A          1%          4
 Petrify                  Tmut/Erth      67%          1%          4
 Sticky Flame             Conj/Fire      70%          1%          4
 Agony                    Necr           67%          1%          5
 Alistair's Intoxication  Tmut/Pois      44%          1%          5
 Bolt of Magma            Conj/Fire/Erth 34%          1%          5
 Excruciating Wounds      Necr           33%          1%          5
 Iskenderun's Battlesphe  Conj           73%          1%          5
 Lightning Bolt           Conj/Air       35%          1%          5
 Iron Shot                Conj/Erth      35%          2%          6
 Eringya's Noxious Bog    Tmut/Pois      33%          3%          6
 Statue Form              Tmut/Erth      44%          12%         6
 Malign Gateway           Summ/Tloc      33%          54%         7
 Monstrous Menagerie      Summ           33%          54%         7
 Summon Greater Demon     Summ           33%          54%         7
 Summon Horrible Things   Summ           33%          99%         8
 Shatter                  Erth           33%          100%        9

Inventory:

Hand Weapons
 K - the +3 broad axe of Subjectivity (weapon) {freeze, rElec Int+3 Dex-5 Stlth+}
   (You found it on level 3 of the Lair of Beasts)

   It has been specially enchanted to freeze those struck by it, causing extra
   injury to most foes and up to half again as much damage against particularly
   susceptible opponents.
   It can also slow down cold-blooded creatures.
   It affects your intelligence (+3).
   It affects your dexterity (-5).
   It insulates you from electricity.
   It makes you more stealthy.
Missiles
 p - 3 throwing nets {=f!f}
Armour
 c - a +0 kite shield (worn)
   (You found it on level 1 of the Dungeon)
 m - the +1 helmet "Atizefio" (worn) {Str+5}
   (You found it in a Gauntlet)

   It affects your strength (+5).
 r - a +2 cloak of poison resistance (worn)
   (You took it off Nikola on level 1 of the Spider Nest)
 t - a +0 pair of gloves (worn)
   (You found it on level 5 of the Dungeon)
 H - a +1 pair of boots of flying (worn)
   (You acquired it on level 6 of the Lair of Beasts)
 I - +4 storm dragon scales {Bai Suzhen}
   (You found it on level 3 of the Spider Nest)
 X - the +2 leather armour "Tannoe" (worn) {Regen+ Str+2 Int+4}
   (You found it on level 10 of the Dungeon)

   It affects your strength (+2).
   It affects your intelligence (+4).
   It increases your rate of regeneration.
Magical Staves
 G - an uncursed staff of poison
   (You took it off Arachne on level 3 of the Spider Nest)
Jewellery
 a - the ring of Compulsion {rC+ Int+6 Dex+6}
   (You bought it in a shop on level 5 of the Dungeon)

   [ring of intelligence]

   It affects your intelligence (+6).
   It affects your dexterity (+6).
   It protects you from cold.
 l - an uncursed ring of willpower
   (You found it on level 3 of the Spider Nest)
 v - a ring of see invisible (left hand)
   (You found it on level 2 of the Dungeon)
 A - the ring "Potz" (right hand) {rF+ Will+++ Int-4 Dex+6 Stlth+}
   (You acquired it on level 11 of the Dungeon)

   [ring of dexterity]

   It affects your intelligence (-4).
   It affects your dexterity (+6).
   It protects you from fire.
   It affects your willpower, your defense against some magical effects.
   It makes you more stealthy.
 L - the amulet "Sivaineano" (around neck) {Reflect rF+ Str+2 Dex+3 SH+5}
   (You took it off a minotaur in a Gauntlet)

   [amulet of reflection]

   It shields you and reflects attacks.
   It affects your strength (+2).
   It affects your dexterity (+3).
   It protects you from fire.
   It affects your SH (+5).
Wands
 j - a wand of flame (20) (quivered)
   (You took it off Erolcha on level 2 of the Orcish Mines)
 x - a wand of acid (9)
   (You found it on level 3 of the Spider Nest)
 D - a wand of paralysis (23)
   (You found it on level 3 of the Lair of Beasts)
 S - a wand of digging (19)
   (You took it off Maurice on level 10 of the Dungeon)
 W - a wand of polymorph (25)
   (You found it on level 5 of the Lair of Beasts)
 Y - a wand of enslavement (6)
   (You found it on level 11 of the Dungeon)
Scrolls
 b - 21 scrolls of teleportation {@r4}
 e - a scroll of holy word
 f - 4 scrolls of fog
 k - 3 scrolls of magic mapping {!r}
 s - 2 scrolls of immolation {!r!r}
 u - 5 scrolls of fear
 y - 12 scrolls of remove curse {@r2}
 F - a scroll of enchant weapon
 Q - 4 scrolls of blinking {!r}
Potions
 d - 2 potions of resistance
 h - 5 potions of attraction {!q}
 i - 2 potions of invisibility
 n - 7 potions of curing {@q1}
 o - 4 potions of magic
 q - 6 potions of heal wounds {@q2}
 w - 5 potions of brilliance
 z - 7 potions of haste {@q3}
 B - 4 potions of lignification {!q}
 J - 2 potions of cancellation
 M - 5 potions of ambrosia
 U - 5 potions of might
Miscellaneous
 g - a phial of floods
   (You found it on level 1 of the Lair of Beasts)
 C - a condenser vane
   (You found it on level 12 of the Dungeon)
 E - a box of beasts
   (You found it on level 3 of the Spider Nest)

Dungeon Overview and Level Annotations

Branches:
Dungeon (15/15)            Temple (1/1) D:5            Lair (6/6) D:10
 Shoals (0/4) Lair:2       Spider (4/4) Lair:4        Slime (0/5) Lair:6
    Orc (2/2) D:11            Elf (0/3) Orc:2        Vaults (0/5) D:14
 Depths (0/5) D:15        Gauntlet (visited)

Altars:
Ashenzari
Cheibriados
Dithmenos
Elyvilon
Fedhas
Gozag
Hepliaklqana
Kikubaaqudgha
Makhleb
Nemelex Xobeh
Okawaru
Qazlal
Ru
Sif Muna
Trog
Uskayaw
Vehumet
Wu Jian
Xom
Yredelemnul
Zin
The Shining One
Beogh

Shops:
D:5 }}=   D:11 :   D:13 [   Orc:2 [:}?

Portals:
Hell: Lair:6

Annotations:
D:13 exclusion: orange crystal statue

## ##^#....^... ###^#.
#.^........# ##.#^..
#....#########
#..#..###............#
#......#^............#
$........###.^<..##.##
#.#......?##.#..^#
##..y.....##..###
#.†@..###..#....#
∆#..y.†..##.....##
#.........##.#....
#...#...##^^###...##
#§§.#.... ...#.....
§s§#.#..^.# ####...^#
.§°## #..... ##.## .§^
...#... #... .#.


You could see an emperor scorpion (webbed), a ghost moth (invisible) and a spark
wasp.


Message History

😮 HP[+1] MP[+4]
You regained 4 mp, and now have 4/33 mp.
You slice the demonic crawler!! You freeze the demonic crawler.
You kill the demonic crawler!
Vehumet accepts your kill.
You feel your power returning.
Your toxic aura wanes. 😮 MP[+4]
You regained 4 mp, and now have 8/33 mp.
Casting: Olgreb's Toxic Radiance (safe; 1% risk of failure)
Confirm with . or Enter, or press ? or * to list all spells.
You can't see any susceptible monsters within range! (Use Z to cast anyway.)
Casting: Olgreb's Toxic Radiance (safe; 1% risk of failure)
Confirm with . or Enter, or press ? or * to list all spells.
You ignite the poison in your surroundings!
You hear an angry buzzing noise.
A spark wasp comes into view.
Something barely misses you. Something hits you!
* * * LOW HITPOINT WARNING * * *
You feel clumsy.
Deactivating autopickup; reactivate with Ctrl-A.
You block something's attack.
The spark wasp evades a web.
You feel you are being watched by something.
You feel your power leaking away. Something hits you!
* * * LOW HITPOINT WARNING * * *
Something hits you but does no damage. You block something's attack.
You hear a hideous shriek! 😨 HP[-20] MP[-8]
You take 20 damage, and now have 50/133 hp.
You lost 8 mp, and now have 0/33 mp.
You're wearing all the rings you can.
Remove which one? (? for menu, Esc to cancel) < or
a - the ring of Compulsion {rC+ Int+6 Dex+6} > or
A - the ring "Potz" {rF+ Will+++ Int-4 Dex+6 Stlth+} You remove the ring of Compulsion {rC+ Int+6 Dex+6}.
You feel stupid.
The spark wasp is engulfed in freezing vapours.
The spark wasp evades a web.
Reactivating autopickup.
v - a ring of see invisible (left hand)
A ghost moth comes into view.
The ghost moth stares at you. You block the ghost moth's attack.
The ghost moth closely misses you.
You block the ghost moth's attack. 😨 HP[+1]
You completely miss the ghost moth.
The spark wasp is engulfed in freezing vapours.
The spark wasp bursts into living lightning!
The living lightning misses you.
The spark wasp blinks!
The ghost moth stares at you.
You block the ghost moth's attack. x2; The ghost moth stings you.
* * * LOW HITPOINT WARNING * * *
😨 HP[-4]
You take 4 damage, and now have 47/133 hp.
You hit the ghost moth but do no damage.
You bite the ghost moth, but do no damage.
You hit the spark wasp. You freeze the spark wasp.
You block the spark wasp's attack. The ghost moth hits you.
* * * LOW HITPOINT WARNING * * *
The ghost moth hits you but does no damage.
The ghost moth misses you. The spark wasp stings you.
* * * LOW HITPOINT WARNING * * *
The spark wasp shocks you. You resist.
* * * LOW HITPOINT WARNING * * *
You block the ghost moth's attack. The ghost moth hits you.
* * * LOW HITPOINT WARNING * * *
The ghost moth stings you but does no damage. 😱 HP[-14] MP[+1]
You take 14 damage, and now have 33/133 hp.
You hit the spark wasp. You freeze the spark wasp. You bite the spark wasp.
You barely miss the ghost moth. The spark wasp misses you.
The ghost moth stares at you.
You feel your power leaking away. The ghost moth misses you.
You block the ghost moth's attack.
The ghost moth stings you but does no damage.
The spark wasp completely misses you. 😱 MP[-1]
You lost 1 mp, and now have 0/33 mp.
You hit the spark wasp. You freeze the spark wasp.
You barely miss the ghost moth. The ghost moth stares at you.
The ghost moth hits you but does no damage.
You block the ghost moth's attack.
The ghost moth stings you but does no damage.
The emperor scorpion is engulfed in freezing vapours.
The emperor scorpion is caught in a web!
You block the spark wasp's attack. 😨 HP[+1]
You hit the spark wasp but do no damage.
You barely miss the ghost moth. The spark wasp stings you!!
* * * LOW HITPOINT WARNING * * *
The spark wasp shocks you. You resist.
* * * LOW HITPOINT WARNING * * *
The ghost moth stares at you. You block the ghost moth's attack. x3
The emperor scorpion is engulfed in freezing vapours.
The emperor scorpion struggles to get unstuck from the web.
The spark wasp stings you!
You die...

Skill      XL: |  1  2  3  4  5  6  7  8  9 10 11 12 13 14 15 16 17 |
---------------+----------------------------------------------------+-----
Spellcasting   | 5 6 7 8 9 10 11 12 | 12.6
Invocations    | 1 2 3 4 5 6 7 8 9 10 11 12 | 12.7
Fighting       | 1 2 3 4 5 6 7 8 9 10 11 | 11.8
Short Blades   | 1 2 3 4 5 6 7 8 9 10 11 | 11.8
Long Blades    | 1 2 3 4 5 6 7 8 9 10 11 | 11.8
Axes           | 1 2 3 4 5 6 7 8 9 10 11 | 11.8
Maces & Flails | 1 2 3 4 5 6 7 8 9 10 11 | 11.8
Polearms       | 1 2 3 4 5 6 7 8 9 10 11 | 11.8
Staves         | 1 2 3 4 5 6 7 8 9 10 11 | 11.8
Slings         | 1 2 3 4 5 6 7 8 9 10 11 | 11.8
Bows           | 1 2 3 4 5 6 7 8 9 10 11 | 11.8
Crossbows      | 1 2 3 4 5 6 7 8 9 10 11 | 11.8
Throwing       | 1 2 3 4 5 6 7 8 9 10 11 | 11.8
Armour         | 1 2 3 4 5 6 7 8 9 10 11 | 11.8
Shields        | 1 2 3 4 5 6 7 8 9 10 11 | 11.8
Unarmed Combat | 1 2 3 4 5 6 7 8 9 10 11 | 11.8
Evocations     | 1 2 3 4 5 6 7 8 9 10 11 | 11.8
Hexes          | 1 2 3 4 5 6 7 8 9 10 | 10.1
Summonings     | 1 2 3 4 5 6 7 8 9 10 | 10.1
Necromancy     | 1 2 3 4 5 6 7 8 9 10 | 10.1
Translocations | 1 2 3 4 5 6 7 8 9 10 | 10.1
Transmutations | 1 2 3 4 5 6 7 8 9 10 | 10.1
Fire Magic     | 1 2 3 4 5 6 7 8 9 10 | 10.1
Ice Magic      | 1 2 3 4 5 6 7 8 9 10 | 10.1
Air Magic      | 1 2 3 4 5 6 7 8 9 10 | 10.1
Earth Magic    | 1 2 3 4 5 6 7 8 9 10 | 10.1
Poison Magic   | 1 2 3 4 5 6 7 8 9 10 | 10.1
Dodging        | 5 6 7 8 9 10 11 12 | 12.5
Stealth        | 5 6 7 8 9 10 11 12 | 12.4
Conjurations   | 8 9 10 11 12 | 12.1

Action                   |  1- 3 |  4- 6 |  7- 9 | 10-12 | 13-15 | 16-18 || total
-------------------------+-------+-------+-------+-------+-------+-------++-------
Melee: War axe           |     3 |       |       |       |       |       ||     3
       Staff             |       |       |    28 |    29 |       |       ||    57
       Bite              |       |       |     3 |     7 |    23 |    52 ||    85
       Punch             |       |       |     1 |       |       |       ||     1
       Long sword        |       |       |       |    25 |       |       ||    25
       Broad axe         |       |       |       |     2 |   160 |   321 ||   483
 Cast: Magic Dart        |    75 |    78 |   239 |   209 |    59 |     5 ||   665
       Searing Ray       |       |    10 |    64 |    69 |    55 |    11 ||   209
       Iskenderun's Myst |       |       |     2 |     9 |    17 |     7 ||    35
       Fulminant Prism   |       |       |     1 |    22 |     9 |    12 ||    44
       Olgreb's Toxic Ra |       |       |       |    75 |   277 |   151 ||   503
       Ignite Poison     |       |       |       |    16 |   126 |    35 ||   177
       Iskenderun's Batt |       |       |       |     1 |     8 |       ||     9
       Fireball          |       |       |       |       |    12 |     8 ||    20
       Irradiate         |       |       |       |       |    15 |    21 ||    36
       Freezing Cloud    |       |       |       |       |       |     8 ||     8
       Airstrike         |       |       |       |       |       |     1 ||     1
Evoke: Wand              |       |       |       |       |     2 |    22 ||    24
       Phial of floods   |       |       |       |       |     1 |       ||     1
  Use: Scroll            |       |       |       |    25 |    12 |    14 ||    51
       Potion            |       |       |       |       |       |     1 ||     1
 Stab: Distracted        |       |       |       |       |     1 |     1 ||     2
       Sleeping          |       |       |       |       |       |     2 ||     2
       Held in net/web   |       |       |       |       |       |     1 ||     1
Armor: Robe              |       |     1 |    23 |       |       |       ||    24
       Leather armour    |       |       |     1 |    30 |    75 |   151 ||   257
       Quicksilver drago |       |       |       |       |     7 |    36 ||    43
Dodge: Dodged            |     6 |     8 |    56 |    71 |   266 |   518 ||   925
Block: Other             |       |       |     8 |       |       |       ||     8
       Buckler           |       |       |    10 |    81 |   275 |    49 ||   415
       Reflection        |       |       |     1 |    13 |    12 |     5 ||    31
       Kite shield       |       |       |       |       |       |   503 ||   503
       Rpst.: Long sword |       |       |       |     5 |       |       ||     5

Levels and vault maps discovered:
D:1:      dpeg_arrival_morbid_curiosity, layout_basic
D:2:      minmay_evil_eye, layout_basic
D:3:      minmay_razor_zed, layout_basic, general_overflow_altar,
          minmay_fountain_box, trog_wizard, uniq_terence, uniq_robin,
          uniq_sigmund
D:4:      layout_gridville, marbit_many_paths
D:5:      layout_loops_ring, lemuel_coloured_pillars_altar,
          minmay_temple_entry_stoned_glass, serial_shops, kennysheep_mini, shop,
          shop, ebering_ghost_gozag, serial_bayou_pond_b
D:6:      layout_cave_pools, fiery_altar_vehumet,
          nicolae_overflow_crystal_walls, serial_column_ruins,
          column_ruins_corridor_corner, column_ruins_open_tiny,
          column_ruins_grid_3, column_ruins_open_tiny
D:7:      minmay_skewed_foursquare, layout_basic, minmay_misc_feat_doors,
          nicolae_qazlal_general_emergency, uniq_duvessa
D:8:      minmay_cornered_nines, layout_basic, uniq_maggie
D:9:      layout_basic, lemuel_crystal_altar, minmay_misc_feat_tiny,
          nicolae_benzene_ring
D:10:     layout_loops_ring, lair_entry_dummy, uniq_maurice
D:11:     layout_long_grid, orc_david_3, serial_shops, shop, uniq_snorg
D:12:     hangedman_cross_veins, layout_basic, uniq_nessos
D:13:     layout_basic, serial_shops, kennysheep_little_box, minivault_16
D:14:     layout_grid_maze, grunt_vaults_entry_tiered, basic_altar,
          minmay_misc_feat_four_crosses, portal_ice_cave_rime,
          gauntlet_entry_generic, minivault_28
D:15:     grunt_enter_depths_hoard, layout_irregular_city, minmay_misc_feat_chi,
          lemuel_hellish_altar
Temple:   regret_index_temple_sphere_string
Lair:1:   layout_gridlike, chequers_serial_rivers_micro_c,
          nicolae_quartered_pool_super, lemuel_fruit_tree,
          minmay_lair_oklob_chamber, lemuel_fruit_fields
Lair:2:   layout_regular_city, minmay_shoals_entry_lonely_mermaid,
          beast_lair_carwin_4, infiniplex_staircase_pool
Lair:3:   layout_chaotic_city, grunt_megastairs_1, serial_bayou_shore_b
Lair:4:   nzn_winding_woodlands_stair_cross [nzn_winding_woodlands_5x15_parted,
          nzn_winding_woodlands_center_garden,
          nzn_winding_woodlands_5x15_crooked, nzn_winding_woodlands_hourglass,
          nzn_winding_woodlands_5x5_checkerboard,
          nzn_winding_woodlands_5x15_river_crossing,
          nzn_winding_woodlands_center_lodge,
          nzn_winding_woodlands_5x15_longhouse], layout_layer_cave,
          spider_nest_entry_web_field, serial_bayou_shore_b
Lair:5:   layout_long_grid, grunt_megastairs_4
Lair:6:   evil_forest, layout_hall_layers, slime_dummy,
          small_statue_intersection, uniq_urug
Spider:1: layout_spider_delve, uniq_nikola, uniq_aizul, uniq_roxanne
Spider:2: layout_chambers, special_room [special_room_bee]
Spider:3: layout_chambers, guppyfry_spider_mini_2, uniq_bai_suzhen, uniq_arachne
Spider:4: grunt_spider_rune_island
Orc:1:    layout_caves
Orc:2:    kennysheep_orc_mage_school, layout_diamond_mine

Notes
Turn   | Place    | Note
-------+----------+-------------------------------------------
     0 | D:1      | phalm the Gnoll Conjurer began the quest for the Orb.
     0 | D:1      | Reached XP level 1. HP: 13/13 MP: 6/6
     0 | D:1      | magus.rc [v1.9.10]
   182 | D:1      | Reached XP level 2. HP: 19/19 MP: 3/7
   185 | D:1      | Learned a level 2 spell: Searing Ray
   802 | D:1      | Reached XP level 3. HP: 25/25 MP: 3/9
   861 | D:1      | Reached skill level 5 in Spellcasting
  1287 | D:1      | Reached skill level 1 in Invocations
  1746 | D:2      | Reached skill level 1 in Fighting
  1746 | D:2      | Reached skill level 1 in Short Blades
  1746 | D:2      | Reached skill level 1 in Long Blades
  1746 | D:2      | Reached skill level 1 in Axes
  1746 | D:2      | Reached skill level 1 in Maces & Flails
  1746 | D:2      | Reached skill level 1 in Polearms
  1746 | D:2      | Reached skill level 1 in Staves
  1746 | D:2      | Reached skill level 1 in Slings
  1746 | D:2      | Reached skill level 1 in Bows
  1746 | D:2      | Reached skill level 1 in Crossbows
  1746 | D:2      | Reached skill level 1 in Throwing
  1746 | D:2      | Reached skill level 1 in Armour
  1746 | D:2      | Reached skill level 1 in Shields
  1746 | D:2      | Reached skill level 1 in Unarmed Combat
  1746 | D:2      | Reached skill level 1 in Evocations
  1852 | D:2      | Reached XP level 4. HP: 32/32 MP: 2/11
  2559 | D:3      | Reached skill level 1 in Hexes
  2559 | D:3      | Reached skill level 1 in Summonings
  2559 | D:3      | Reached skill level 1 in Necromancy
  2559 | D:3      | Reached skill level 1 in Translocations
  2559 | D:3      | Reached skill level 1 in Transmutations
  2559 | D:3      | Reached skill level 1 in Fire Magic
  2559 | D:3      | Reached skill level 1 in Ice Magic
  2559 | D:3      | Reached skill level 1 in Air Magic
  2559 | D:3      | Reached skill level 1 in Earth Magic
  2559 | D:3      | Reached skill level 1 in Poison Magic
  2619 | D:3      | Found an opulent altar of Gozag.
  2680 | D:3      | Noticed Robin
  2687 | D:3      | Killed Robin
  2805 | D:3      | Reached XP level 5. HP: 37/37 MP: 5/12
  2865 | D:3      | Learned a level 4 spell: Fulminant Prism
  2870 | D:3      | Learned a level 4 spell: Iskenderun's Mystic Blast
  3061 | D:3      | Noticed Sigmund
  3073 | D:3      | Killed Sigmund
  3074 | D:3      | Reached skill level 2 in Invocations
  3074 | D:3      | Reached XP level 6. HP: 27/44 MP: 7/14
  3152 | D:3      | Noticed Terence
  3183 | D:3      | Killed Terence
  3184 | D:3      | Reached skill level 5 in Dodging
  3295 | D:3      | Reached skill level 2 in Fighting
  3295 | D:3      | Reached skill level 2 in Short Blades
  3295 | D:3      | Reached skill level 2 in Long Blades
  3295 | D:3      | Reached skill level 2 in Axes
  3295 | D:3      | Reached skill level 2 in Maces & Flails
  3295 | D:3      | Reached skill level 2 in Polearms
  3295 | D:3      | Reached skill level 2 in Staves
  3295 | D:3      | Reached skill level 2 in Slings
  3295 | D:3      | Reached skill level 2 in Bows
  3295 | D:3      | Reached skill level 2 in Crossbows
  3295 | D:3      | Reached skill level 2 in Throwing
  3295 | D:3      | Reached skill level 2 in Armour
  3295 | D:3      | Reached skill level 2 in Shields
  3295 | D:3      | Reached skill level 2 in Unarmed Combat
  3295 | D:3      | Reached skill level 2 in Evocations
  3794 | D:3      | You pick up a book of Cantrips and begin reading...
  3794 | D:3      | You add the spells Corona, Animate Skeleton, Summon Small
                  | Mammal and Apportation to your library.
  3898 | D:3      | Reached XP level 7. HP: 50/50 MP: 8/15
  4013 | D:3      | Found a bloodstained altar of Trog.
  4017 | D:3      | Noticed a wizard
  4021 | D:3      | Killed a wizard
  4724 | D:4      | Reached skill level 2 in Hexes
  4724 | D:4      | Reached skill level 2 in Summonings
  4724 | D:4      | Reached skill level 2 in Necromancy
  4724 | D:4      | Reached skill level 2 in Translocations
  4724 | D:4      | Reached skill level 2 in Transmutations
  4724 | D:4      | Reached skill level 2 in Fire Magic
  4724 | D:4      | Reached skill level 2 in Ice Magic
  4724 | D:4      | Reached skill level 2 in Air Magic
  4724 | D:4      | Reached skill level 2 in Earth Magic
  4724 | D:4      | Reached skill level 2 in Poison Magic
  5423 | D:4      | Found a white marble altar of Elyvilon.
  5626 | D:5      | Entered Level 5 of the Dungeon
  5630 | D:5      | Reached skill level 5 in Stealth
  5677 | D:5      | Reached skill level 3 in Invocations
  5733 | D:5      | Found a staircase to the Ecumenical Temple.
  5741 | Temple   | Entered the Ecumenical Temple
  5945 | D:5      | Reached XP level 8. HP: 46/57 MP: 0/16
  6099 | D:5      | Found Jafowyr's Gadget Shoppe.
  6141 | D:5      | Found Zihyhi's Jewellery Boutique.
  6301 | D:5      | Found a runed translucent gate.
  6301 | D:5      | Found a runed translucent gate.
  6302 | D:5      | Found a runed translucent gate.
  6302 | D:5      | Found an opulent altar of Gozag.
  6303 | D:5      | Noticed oc3rt's ghost (novice KoHu)
  6379 | D:5      | Found Amein's Gadget Shop.
  6548 | D:5      | Reached skill level 3 in Fighting
  6548 | D:5      | Reached skill level 3 in Short Blades
  6548 | D:5      | Reached skill level 3 in Long Blades
  6548 | D:5      | Reached skill level 3 in Axes
  6548 | D:5      | Reached skill level 3 in Maces & Flails
  6548 | D:5      | Reached skill level 3 in Polearms
  6548 | D:5      | Reached skill level 3 in Staves
  6548 | D:5      | Reached skill level 3 in Slings
  6548 | D:5      | Reached skill level 3 in Bows
  6548 | D:5      | Reached skill level 3 in Crossbows
  6548 | D:5      | Reached skill level 3 in Throwing
  6548 | D:5      | Reached skill level 3 in Armour
  6548 | D:5      | Reached skill level 3 in Shields
  6548 | D:5      | Reached skill level 3 in Unarmed Combat
  6548 | D:5      | Reached skill level 3 in Evocations
  6815 | D:5      | Reached skill level 6 in Spellcasting
  6951 | D:5      | Found a broken altar of Ashenzari.
  7321 | D:5      | Killed oc3rt's ghost
  7466 | D:6      | Reached skill level 4 in Invocations
  7474 | D:6      | Reached skill level 3 in Hexes
  7474 | D:6      | Reached skill level 3 in Summonings
  7474 | D:6      | Reached skill level 3 in Necromancy
  7474 | D:6      | Reached skill level 3 in Translocations
  7474 | D:6      | Reached skill level 3 in Transmutations
  7474 | D:6      | Reached skill level 3 in Fire Magic
  7474 | D:6      | Reached skill level 3 in Ice Magic
  7474 | D:6      | Reached skill level 3 in Air Magic
  7474 | D:6      | Reached skill level 3 in Earth Magic
  7474 | D:6      | Reached skill level 3 in Poison Magic
  7573 | D:6      | Reached skill level 6 in Dodging
  7573 | D:6      | Reached XP level 9. HP: 65/65 MP: 9/18
  7801 | D:6      | Found a sparkling altar of Nemelex Xobeh.
  7887 | D:6      | Reached skill level 4 in Fighting
  7887 | D:6      | Reached skill level 4 in Short Blades
  7887 | D:6      | Reached skill level 4 in Long Blades
  7887 | D:6      | Reached skill level 4 in Axes
  7887 | D:6      | Reached skill level 4 in Maces & Flails
  7887 | D:6      | Reached skill level 4 in Polearms
  7887 | D:6      | Reached skill level 4 in Staves
  7887 | D:6      | Reached skill level 4 in Slings
  7887 | D:6      | Reached skill level 4 in Bows
  7887 | D:6      | Reached skill level 4 in Crossbows
  7887 | D:6      | Reached skill level 4 in Throwing
  7887 | D:6      | Reached skill level 4 in Armour
  7887 | D:6      | Reached skill level 4 in Shields
  7887 | D:6      | Reached skill level 4 in Unarmed Combat
  7887 | D:6      | Reached skill level 4 in Evocations
  8138 | D:6      | Found a radiant altar of Vehumet.
  8150 | D:6      | Became a worshipper of Vehumet
  8324 | D:6      | Reached skill level 6 in Stealth
  8324 | D:6      | Reached skill level 8 in Conjurations
  9331 | D:7      | Reached skill level 5 in Invocations
  9557 | D:7      | Noticed Duvessa
  9559 | D:7      | Noticed Dowan
  9565 | D:7      | Killed Duvessa
  9567 | D:7      | Killed Dowan
  9689 | D:7      | You pick up a book of Air and begin reading...
  9689 | D:7      | You add the spells Shock, Swiftness, Static Discharge,
                  | Airstrike and Lightning Bolt to your library.
  9838 | D:7      | Reached * piety under Vehumet
  9838 | D:7      | Offered knowledge of Foxfire by Vehumet.
  9853 | D:7      | Reached skill level 7 in Spellcasting
  9960 | D:7      | Found a stormy altar of Qazlal.
 10223 | D:7      | Reached XP level 10. HP: 73/73 MP: 14/20
 10226 | D:7      | Reached skill level 4 in Hexes
 10226 | D:7      | Reached skill level 4 in Summonings
 10226 | D:7      | Reached skill level 4 in Necromancy
 10226 | D:7      | Reached skill level 4 in Translocations
 10226 | D:7      | Reached skill level 4 in Transmutations
 10226 | D:7      | Reached skill level 4 in Fire Magic
 10226 | D:7      | Reached skill level 4 in Ice Magic
 10226 | D:7      | Reached skill level 4 in Air Magic
 10226 | D:7      | Reached skill level 4 in Earth Magic
 10226 | D:7      | Reached skill level 4 in Poison Magic
 10582 | D:8      | Reached skill level 5 in Fighting
 10582 | D:8      | Reached skill level 5 in Short Blades
 10582 | D:8      | Reached skill level 5 in Long Blades
 10582 | D:8      | Reached skill level 5 in Axes
 10582 | D:8      | Reached skill level 5 in Maces & Flails
 10582 | D:8      | Reached skill level 5 in Polearms
 10582 | D:8      | Reached skill level 5 in Staves
 10582 | D:8      | Reached skill level 5 in Slings
 10582 | D:8      | Reached skill level 5 in Bows
 10582 | D:8      | Reached skill level 5 in Crossbows
 10582 | D:8      | Reached skill level 5 in Throwing
 10582 | D:8      | Reached skill level 5 in Armour
 10582 | D:8      | Reached skill level 5 in Shields
 10582 | D:8      | Reached skill level 5 in Unarmed Combat
 10582 | D:8      | Reached skill level 5 in Evocations
 10946 | D:8      | Reached skill level 7 in Dodging
 11067 | D:8      | Noticed a brown ugly thing
 11076 | D:8      | Killed a brown ugly thing
 11076 | D:8      | Offered knowledge of Freeze by Vehumet.
 11091 | D:8      | Reached ** piety under Vehumet
 11646 | D:8      | Noticed Maggie
 11659 | D:8      | Killed Maggie
 11660 | D:8      | Reached skill level 7 in Stealth
 11660 | D:8      | Reached skill level 6 in Invocations
 12285 | D:9      | You add the spells Sting, Poisonous Vapours, Mephitic
                  | Cloud, Ignite Poison and Olgreb's Toxic Radiance to your
                  | library.
 12291 | D:9      | Learned a level 4 spell: Olgreb's Toxic Radiance
 12295 | D:9      | Learned a level 3 spell: Ignite Poison
 12379 | D:9      | Noticed a two-headed ogre
 12388 | D:9      | Killed a two-headed ogre
 12566 | D:9      | Reached XP level 11. HP: 77/81 MP: 16/22
 12703 | D:9      | Offered knowledge of Conjure Flame by Vehumet.
 12788 | D:9      | Found a bloodstained altar of Trog.
 13070 | D:9      | Reached skill level 6 in Fighting
 13070 | D:9      | Reached skill level 6 in Short Blades
 13070 | D:9      | Reached skill level 6 in Long Blades
 13070 | D:9      | Reached skill level 6 in Axes
 13070 | D:9      | Reached skill level 6 in Maces & Flails
 13070 | D:9      | Reached skill level 6 in Polearms
 13070 | D:9      | Reached skill level 6 in Staves
 13070 | D:9      | Reached skill level 6 in Slings
 13070 | D:9      | Reached skill level 6 in Bows
 13070 | D:9      | Reached skill level 6 in Crossbows
 13070 | D:9      | Reached skill level 6 in Throwing
 13070 | D:9      | Reached skill level 6 in Armour
 13070 | D:9      | Reached skill level 6 in Shields
 13070 | D:9      | Reached skill level 6 in Unarmed Combat
 13070 | D:9      | Reached skill level 6 in Evocations
 13075 | D:9      | Reached skill level 5 in Hexes
 13075 | D:9      | Reached skill level 5 in Summonings
 13075 | D:9      | Reached skill level 5 in Necromancy
 13075 | D:9      | Reached skill level 5 in Translocations
 13075 | D:9      | Reached skill level 5 in Transmutations
 13075 | D:9      | Reached skill level 5 in Fire Magic
 13075 | D:9      | Reached skill level 5 in Ice Magic
 13075 | D:9      | Reached skill level 5 in Air Magic
 13075 | D:9      | Reached skill level 5 in Earth Magic
 13075 | D:9      | Reached skill level 5 in Poison Magic
 13616 | D:10     | Entered Level 10 of the Dungeon
 13714 | D:10     | Noticed Maurice
 13720 | D:10     | Noticed a two-headed ogre
 13721 | D:10     | Killed Maurice
 13722 | D:10     | Reached skill level 8 in Spellcasting
 13722 | D:10     | Reached *** piety under Vehumet
 13729 | D:10     | Killed a two-headed ogre
 13895 | D:10     | Noticed a two-headed ogre
 13971 | D:10     | Killed a two-headed ogre
 14239 | D:10     | Reached skill level 9 in Conjurations
 14239 | D:10     | Reached skill level 7 in Invocations
 14476 | D:10     | Offered knowledge of Sticky Flame by Vehumet.
 14589 | D:10     | Found a staircase to the Lair.
 14675 | D:10     | Reached skill level 8 in Dodging
 15012 | D:10     | Got a bloodstained leather armour
 15028 | D:10     | Identified the +2 leather armour "Tannoe" {Regen+ Str+2
                  | Int+4} (You found it on level 10 of the Dungeon)
 15366 | D:11     | Got a smoking long sword
 15431 | D:11     | Noticed a five-headed hydra
 15440 | D:11     | Killed a five-headed hydra
 15450 | D:11     | Reached skill level 8 in Stealth
 16028 | D:11     | Identified a scroll of acquirement
 16031 | D:11     | Acquired the ring "Potz" {rF+ Will+++ Int-4 Dex+6 Stlth+}
 16034 | D:11     | Identified the +9 long sword "Coimesoa" {vorpal, rC+ Dex+2}
                  | (You found it on level 11 of the Dungeon)
 16080 | Lair:1   | Entered Level 1 of the Lair of Beasts
 16218 | Lair:1   | Noticed an oklob plant
 16370 | Lair:1   | Reached XP level 12. HP: 87/89 MP: 18/24
 16466 | Lair:1   | Noticed a five-headed hydra
 16476 | Lair:1   | Killed a five-headed hydra
 16750 | Lair:1   | Reached skill level 7 in Fighting
 16750 | Lair:1   | Reached skill level 7 in Short Blades
 16750 | Lair:1   | Reached skill level 7 in Long Blades
 16750 | Lair:1   | Reached skill level 7 in Axes
 16750 | Lair:1   | Reached skill level 7 in Maces & Flails
 16750 | Lair:1   | Reached skill level 7 in Polearms
 16750 | Lair:1   | Reached skill level 7 in Staves
 16750 | Lair:1   | Reached skill level 7 in Slings
 16750 | Lair:1   | Reached skill level 7 in Bows
 16750 | Lair:1   | Reached skill level 7 in Crossbows
 16750 | Lair:1   | Reached skill level 7 in Throwing
 16750 | Lair:1   | Reached skill level 7 in Armour
 16750 | Lair:1   | Reached skill level 7 in Shields
 16750 | Lair:1   | Reached skill level 7 in Unarmed Combat
 16750 | Lair:1   | Reached skill level 7 in Evocations
 16753 | Lair:1   | Reached **** piety under Vehumet
 17751 | Lair:2   | Reached skill level 6 in Hexes
 17751 | Lair:2   | Reached skill level 6 in Summonings
 17751 | Lair:2   | Reached skill level 6 in Necromancy
 17751 | Lair:2   | Reached skill level 6 in Translocations
 17751 | Lair:2   | Reached skill level 6 in Transmutations
 17751 | Lair:2   | Reached skill level 6 in Fire Magic
 17751 | Lair:2   | Reached skill level 6 in Ice Magic
 17751 | Lair:2   | Reached skill level 6 in Air Magic
 17751 | Lair:2   | Reached skill level 6 in Earth Magic
 17751 | Lair:2   | Reached skill level 6 in Poison Magic
 17839 | Lair:2   | Found a staircase to the Shoals.
 18113 | Lair:2   | Reached skill level 8 in Invocations
 18463 | Lair:2   | Reached skill level 9 in Spellcasting
 18659 | Lair:2   | Offered knowledge of Iskenderun's Battlesphere by Vehumet.
 19291 | Lair:3   | Reached skill level 9 in Dodging
 19305 | Lair:3   | Got an iridescent broad axe
 19306 | Lair:3   | Identified the +3 broad axe of Subjectivity {freeze, rElec
                  | Int+3 Dex-5 Stlth+} (You found it on level 3 of the Lair of
                  | Beasts)
 19401 | Lair:3   | Noticed a five-headed hydra
 19409 | Lair:3   | Killed a five-headed hydra
 19416 | Lair:3   | Learned a level 5 spell: Iskenderun's Battlesphere
 20179 | Lair:4   | Reached skill level 9 in Stealth
 20179 | Lair:4   | Reached XP level 13. HP: 98/98 MP: 19/26
 20499 | Lair:4   | Reached skill level 8 in Fighting
 20499 | Lair:4   | Reached skill level 8 in Short Blades
 20499 | Lair:4   | Reached skill level 8 in Long Blades
 20499 | Lair:4   | Reached skill level 8 in Axes
 20499 | Lair:4   | Reached skill level 8 in Maces & Flails
 20499 | Lair:4   | Reached skill level 8 in Polearms
 20499 | Lair:4   | Reached skill level 8 in Staves
 20499 | Lair:4   | Reached skill level 8 in Slings
 20499 | Lair:4   | Reached skill level 8 in Bows
 20499 | Lair:4   | Reached skill level 8 in Crossbows
 20499 | Lair:4   | Reached skill level 8 in Throwing
 20499 | Lair:4   | Reached skill level 8 in Armour
 20499 | Lair:4   | Reached skill level 8 in Shields
 20499 | Lair:4   | Reached skill level 8 in Unarmed Combat
 20499 | Lair:4   | Reached skill level 8 in Evocations
 20640 | Lair:4   | Found a hole to the Spider Nest.
 20886 | Lair:4   | Reached ***** piety under Vehumet
 21188 | Lair:4   | Offered knowledge of Conjure Ball Lightning by Vehumet.
 21196 | Lair:4   | Reached skill level 9 in Invocations
 21416 | Lair:3   | Reached skill level 10 in Conjurations
 21685 | Lair:4   | Reached skill level 7 in Hexes
 21685 | Lair:4   | Reached skill level 7 in Summonings
 21685 | Lair:4   | Reached skill level 7 in Necromancy
 21685 | Lair:4   | Reached skill level 7 in Translocations
 21685 | Lair:4   | Reached skill level 7 in Transmutations
 21685 | Lair:4   | Reached skill level 7 in Fire Magic
 21685 | Lair:4   | Reached skill level 7 in Ice Magic
 21685 | Lair:4   | Reached skill level 7 in Air Magic
 21685 | Lair:4   | Reached skill level 7 in Earth Magic
 21685 | Lair:4   | Reached skill level 7 in Poison Magic
 22233 | Lair:4   | You pick up a book of Flames and begin reading...
 22233 | Lair:4   | You add the spells Foxfire, Conjure Flame, Inner Flame,
                  | Sticky Flame and Fireball to your library.
 22240 | Lair:4   | Learned a level 5 spell: Fireball
 22518 | Lair:5   | Reached skill level 10 in Spellcasting
 22860 | Lair:5   | Reached XP level 14. HP: 65/106 MP: 11/28
 23005 | Lair:5   | Reached skill level 10 in Dodging
 23504 | Lair:6   | Entered Level 6 of the Lair of Beasts
 23504 | Lair:6   | Found a staircase to the Slime Pits.
 23535 | Lair:6   | You pick up a book of Alchemy and begin reading...
 23535 | Lair:6   | You add the spells Sublimation of Blood, Petrify,
                  | Alistair's Intoxication, Irradiate and Eringya's Noxious
                  | Bog to your library.
 23542 | Lair:6   | Learned a level 5 spell: Irradiate
 23706 | Lair:5   | Reached skill level 9 in Fighting
 23706 | Lair:5   | Reached skill level 9 in Short Blades
 23706 | Lair:5   | Reached skill level 9 in Long Blades
 23706 | Lair:5   | Reached skill level 9 in Axes
 23706 | Lair:5   | Reached skill level 9 in Maces & Flails
 23706 | Lair:5   | Reached skill level 9 in Polearms
 23706 | Lair:5   | Reached skill level 9 in Staves
 23706 | Lair:5   | Reached skill level 9 in Slings
 23706 | Lair:5   | Reached skill level 9 in Bows
 23706 | Lair:5   | Reached skill level 9 in Crossbows
 23706 | Lair:5   | Reached skill level 9 in Throwing
 23706 | Lair:5   | Reached skill level 9 in Armour
 23706 | Lair:5   | Reached skill level 9 in Shields
 23706 | Lair:5   | Reached skill level 9 in Unarmed Combat
 23706 | Lair:5   | Reached skill level 9 in Evocations
 23831 | Lair:6   | Reached skill level 10 in Stealth
 24148 | Lair:6   | Reached skill level 10 in Invocations
 24678 | Lair:6   | Offered knowledge of Hailstorm by Vehumet.
 24728 | Lair:6   | Noticed Urug
 24931 | Lair:6   | Noticed a dire elephant
 24970 | Lair:6   | Killed Urug
 25028 | Lair:6   | a +3 double sword of electrocution {rare}; a +0 scale mail
 25029 | Lair:6   | j - a +3 double sword of electrocution {rare}
 25036 | Lair:6   | Acquired a +1 pair of boots of flying
 25077 | Lair:6   | Killed a dire elephant
 25655 | Lair:6   | Found a burning altar of Makhleb.
 25881 | Lair:6   | Reached skill level 8 in Hexes
 25881 | Lair:6   | Reached skill level 8 in Summonings
 25881 | Lair:6   | Reached skill level 8 in Necromancy
 25881 | Lair:6   | Reached skill level 8 in Translocations
 25881 | Lair:6   | Reached skill level 8 in Transmutations
 25881 | Lair:6   | Reached skill level 8 in Fire Magic
 25881 | Lair:6   | Reached skill level 8 in Ice Magic
 25881 | Lair:6   | Reached skill level 8 in Air Magic
 25881 | Lair:6   | Reached skill level 8 in Earth Magic
 25881 | Lair:6   | Reached skill level 8 in Poison Magic
 26448 | Lair:6   | Found a gateway to Hell.
 26456 | Lair:6   | You pick up a book of Spatial Translocations and begin
                  | reading...
 26456 | Lair:6   | You add the spells Blink, Lesser Beckoning, Gell's
                  | Gravitas, Teleport Other and Passage of Golubria to your
                  | library.
 26733 | Lair:2   | You drop a +3 double sword of electrocution {rare}.
 26982 | D:11     | Found Laniav's Book Shoppe.
 26989 | D:11     | Reached XP level 15. HP: 115/115 MP: 17/29
 27129 | D:11     | Found a staircase to the Orcish Mines.
 27263 | D:11     | Noticed Snorg
 27270 | D:11     | Killed Snorg
 28100 | Orc:1    | Entered Level 1 of the Orcish Mines
 28400 | Orc:2    | Entered Level 2 of the Orcish Mines
 28405 | Orc:2    | Found a staircase to the Elven Halls.
 28468 | Orc:2    | Reached skill level 11 in Spellcasting
 28746 | Orc:2    | Offered knowledge of Starburst by Vehumet.
 29595 | Orc:2    | Found Hiehaysm's Book Boutique.
 29612 | Orc:2    | Found Maseatech's Magic Scroll Shop.
 29669 | Orc:2    | Found a radiant altar of Vehumet.
 29670 | Orc:2    | Noticed Erolcha
 29673 | Orc:2    | Killed Erolcha
 29674 | Orc:2    | Reached skill level 10 in Fighting
 29674 | Orc:2    | Reached skill level 10 in Short Blades
 29674 | Orc:2    | Reached skill level 10 in Long Blades
 29674 | Orc:2    | Reached skill level 10 in Axes
 29674 | Orc:2    | Reached skill level 10 in Maces & Flails
 29674 | Orc:2    | Reached skill level 10 in Polearms
 29674 | Orc:2    | Reached skill level 10 in Staves
 29674 | Orc:2    | Reached skill level 10 in Slings
 29674 | Orc:2    | Reached skill level 10 in Bows
 29674 | Orc:2    | Reached skill level 10 in Crossbows
 29674 | Orc:2    | Reached skill level 10 in Throwing
 29674 | Orc:2    | Reached skill level 10 in Armour
 29674 | Orc:2    | Reached skill level 10 in Shields
 29674 | Orc:2    | Reached skill level 10 in Unarmed Combat
 29674 | Orc:2    | Reached skill level 10 in Evocations
 29812 | Orc:2    | Noticed Nergalle
 29817 | Orc:2    | Killed Nergalle
 29933 | Orc:2    | Reached skill level 11 in Dodging
 29944 | Orc:2    | Found an ancient bone altar of Kikubaaqudgha.
 30041 | Orc:2    | Found a roughly hewn altar of Beogh.
 30041 | Orc:2    | Found Daaph's Antique Armour Shop.
 30165 | Orc:2    | Found Yptodoosh's Gadget Shop.
 30181 | Orc:2    | Bought an ancient leather armour for 224 gold pieces
 30191 | Orc:2    | Identified the +1 leather armour of Symic {Will+ Int-2
                  | Dex+3} (You bought it in a shop on level 2 of the Orcish
                  | Mines)
 30727 | D:12     | Reached skill level 11 in Conjurations
 30899 | D:12     | Offered knowledge of Lee's Rapid Deconstruction by Vehumet.
 30907 | D:12     | Reached skill level 11 in Invocations
 31121 | D:12     | Got a dazzling short sword
 31122 | D:12     | Identified the +5 short sword of Sharkskin {vamp, *Rage
                  | +Rage rC+} (You found it on level 12 of the Dungeon)
 31151 | D:12     | Reached skill level 11 in Stealth
 31162 | D:12     | Noticed Nessos
 31171 | D:12     | You pick up a book of Death and begin reading...
 31171 | D:12     | You add the spells Corpse Rot, Dispel Undead, Agony and
                  | Excruciating Wounds to your library.
 31802 | D:12     | Killed Nessos
 32865 | D:13     | Found Atzas's Antique Armour Boutique.
 32871 | D:13     | Bought crude quicksilver dragon scales for 1560 gold pieces
 32871 | D:13     | N - crude quicksilver dragon scales {rare}
 32881 | D:13     | Identified the quicksilver dragon scales of the Salamander
                  | {rPois Will+ Int-3 Dex+3 Slay+5, rare} (You bought it in a
                  | shop on level 13 of the Dungeon)
 32881 | D:13     | You finish putting on the quicksilver dragon scales of the
                  | Salamander {rPois Will+ Int-3 Dex+3 Slay+5, rare}.
 32886 | D:13     | You finish taking off the quicksilver dragon scales of the
                  | Salamander {rPois Will+ Int-3 Dex+3 Slay+5, rare}.
 32901 | D:13     | You finish putting on the quicksilver dragon scales of the
                  | Salamander {rPois Will+ Int-3 Dex+3 Slay+5, rare}.
 33084 | D:14     | Found a gate leading to a gauntlet.
 33101 | Gauntlet | Entered a Gauntlet
 33101 | Gauntlet | Found a transporter.
 33102 | Gauntlet | Found a large runed translucent door.
 33103 | Gauntlet | Found a large runed translucent door.
 33104 | Gauntlet | Found a large runed translucent door.
 33104 | Gauntlet | Found a large runed translucent door.
 33104 | Gauntlet | Found a runed translucent door.
 33105 | Gauntlet | Found a large runed translucent door.
 33106 | Gauntlet | Found a large runed translucent door.
 33107 | Gauntlet | Found a large runed translucent door.
 33107 | Gauntlet | Found a large runed translucent door.
 33108 | Gauntlet | Found a runed translucent gate.
 33108 | Gauntlet | Found a runed translucent gate.
 33110 | Gauntlet | Found a transporter.
 33118 | Gauntlet | Found a runed translucent gate.
 33118 | Gauntlet | Found a runed translucent door.
 33119 | Gauntlet | Found a large runed translucent door.
 33119 | Gauntlet | Found a large runed translucent door.
 33120 | Gauntlet | Found a large runed translucent door.
 33121 | Gauntlet | Found a large runed translucent door.
 33125 | Gauntlet | Found a transporter.
 33130 | Gauntlet | Found a transporter.
 33149 | Gauntlet | Found a transporter.
 33164 | Gauntlet | Found a transporter.
 33176 | Gauntlet | Found a transporter.
 33188 | Gauntlet | Found a transporter.
 33195 | Gauntlet | Found a transporter.
 33195 | Gauntlet | Found a transporter.
 33212 | Gauntlet | Found a transporter.
 33224 | Gauntlet | Found a transporter.
 33230 | Gauntlet | Found a transporter.
 33230 | Gauntlet | Found a transporter.
 33273 | Gauntlet | Found a transporter.
 33301 | Gauntlet | Found a transporter.
 33303 | Gauntlet | Found a transporter.
 33321 | Gauntlet | Found a large runed translucent door.
 33321 | Gauntlet | Found a large runed translucent door.
 33322 | Gauntlet | Found a large runed translucent door.
 33323 | Gauntlet | Found a large runed translucent door.
 33325 | Gauntlet | Found a transporter.
 33591 | Gauntlet | Got an ichor-stained hat
 33602 | Gauntlet | Identified the +2 hat of Xaj Jimon {Str+4} (You found it in
                  | a Gauntlet)
 33783 | Gauntlet | Got a spiked helmet
 33795 | Gauntlet | Identified the +1 helmet "Atizefio" {Str+5} (You found it
                  | in a Gauntlet)
 33911 | Gauntlet | Identified the +2 rapier of the Sea {vorpal, Int+3 Dex+2}
 33911 | Gauntlet | Identified the amulet "Sivaineano" {Reflect rF+ Str+2 Dex+3
                  | SH+5}
 34060 | Gauntlet | You add the spells Monstrous Menagerie, Summon Greater
                  | Demon, Malign Gateway and Summon Horrible Things to your
                  | library.
 34068 | Gauntlet | You finish taking off the quicksilver dragon scales of the
                  | Salamander {rPois Will+ Int-3 Dex+3 Slay+5, rare}.
 34083 | Gauntlet | You finish putting on the quicksilver dragon scales of the
                  | Salamander {rPois Will+ Int-3 Dex+3 Slay+5, rare}.
 34104 | D:14     | Reached XP level 16. HP: 123/123 MP: 23/31
 34451 | D:14     | Found a bloodstained altar of Trog.
 34560 | D:14     | Reached skill level 9 in Hexes
 34560 | D:14     | Reached skill level 9 in Summonings
 34560 | D:14     | Reached skill level 9 in Necromancy
 34560 | D:14     | Reached skill level 9 in Translocations
 34560 | D:14     | Reached skill level 9 in Transmutations
 34560 | D:14     | Reached skill level 9 in Fire Magic
 34560 | D:14     | Reached skill level 9 in Ice Magic
 34560 | D:14     | Reached skill level 9 in Air Magic
 34560 | D:14     | Reached skill level 9 in Earth Magic
 34560 | D:14     | Reached skill level 9 in Poison Magic
 35164 | D:14     | Offered knowledge of Bolt of Magma by Vehumet.
 35189 | D:14     | Found a gate to the Vaults.
 35211 | D:14     | Identified the +5 quarterstaff of Nemelex Xobeh's Grace
                  | {venom, rF+ Int+3} (You found it on level 14 of the
                  | Dungeon)
 35328 | D:15     | Entered Level 15 of the Dungeon
 35696 | D:15     | Found a staircase to the Depths.
 35858 | D:15     | Found a burning altar of Makhleb.
 36632 | D:5      | Bought the ring of Compulsion {rC+ Int+6 Dex+6} for 936
                  | gold pieces
 36872 | Spider:1 | Entered Level 1 of the Spider Nest
 37293 | Spider:1 | Noticed Nikola
 37304 | Spider:1 | Killed Nikola
 37305 | Spider:1 | Reached skill level 11 in Fighting
 37305 | Spider:1 | Reached skill level 11 in Short Blades
 37305 | Spider:1 | Reached skill level 11 in Long Blades
 37305 | Spider:1 | Reached skill level 11 in Axes
 37305 | Spider:1 | Reached skill level 11 in Maces & Flails
 37305 | Spider:1 | Reached skill level 11 in Polearms
 37305 | Spider:1 | Reached skill level 11 in Staves
 37305 | Spider:1 | Reached skill level 11 in Slings
 37305 | Spider:1 | Reached skill level 11 in Bows
 37305 | Spider:1 | Reached skill level 11 in Crossbows
 37305 | Spider:1 | Reached skill level 11 in Throwing
 37305 | Spider:1 | Reached skill level 11 in Armour
 37305 | Spider:1 | Reached skill level 11 in Shields
 37305 | Spider:1 | Reached skill level 11 in Unarmed Combat
 37305 | Spider:1 | Reached skill level 11 in Evocations
 37504 | Spider:1 | Reached skill level 12 in Spellcasting
 37819 | Lair:2   | You finish taking off the quicksilver dragon scales of the
                  | Salamander {rPois Will+ Int-3 Dex+3 Slay+5, rare}.
 37824 | Lair:2   | You drop the quicksilver dragon scales of the Salamander
                  | {rPois Will+ Int-3 Dex+3 Slay+5, rare}.
 38421 | Lair:2   | magus.rc [v1.9.10]
 38426 | Lair:2   | Learned a level 4 spell: Airstrike
 38431 | Lair:2   | Learned a level 4 spell: Dispel Undead
 38607 | Spider:2 | Reached skill level 12 in Invocations
 38757 | Spider:2 | Offered knowledge of Freezing Cloud by Vehumet.
 38862 | Spider:2 | Reached skill level 12 in Dodging
 38982 | Spider:2 | Reached XP level 17. HP: 131/131 MP: 33/33
 38998 | Spider:2 | Learned a level 6 spell: Freezing Cloud
 39175 | Spider:2 | Acquired 657 gold pieces
 39891 | Spider:2 | Reached skill level 12 in Stealth
 40179 | Spider:1 | Noticed Aizul
 40193 | Spider:1 | Killed Aizul
 40317 | Spider:1 | Noticed Roxanne
 40492 | Spider:1 | Killed Roxanne
 40494 | Spider:1 | You pick up a book of the Earth and begin reading...
 40494 | Spider:1 | You add the spells Leda's Liquefaction, Bolt of Magma,
                  | Statue Form, Iron Shot and Shatter to your library.
 41251 | Spider:3 | Noticed Arachne
 41261 | Spider:3 | Killed Arachne
 41812 | Spider:3 | Noticed Bai Suzhen
 41824 | Spider:3 | Killed Bai Suzhen
 41824 | Spider:3 | Offered knowledge of Spellforged Servitor by Vehumet.
 42501 | Spider:4 | Entered Level 4 of the Spider Nest
 42667 | Spider:4 | Reached skill level 12 in Conjurations
 42692 | Spider:4 | Reached skill level 10 in Hexes
 42692 | Spider:4 | Reached skill level 10 in Summonings
 42692 | Spider:4 | Reached skill level 10 in Necromancy
 42692 | Spider:4 | Reached skill level 10 in Translocations
 42692 | Spider:4 | Reached skill level 10 in Transmutations
 42692 | Spider:4 | Reached skill level 10 in Fire Magic
 42692 | Spider:4 | Reached skill level 10 in Ice Magic
 42692 | Spider:4 | Reached skill level 10 in Air Magic
 42692 | Spider:4 | Reached skill level 10 in Earth Magic
 42692 | Spider:4 | Reached skill level 10 in Poison Magic
 42767 | Spider:4 | HP: 23/133 [emperor scorpion (17)]
 42772 | Spider:4 | HP: 18/133 [poisoned by an emperor scorpion]
 42777 | Spider:3 | HP: 15/133 [poisoned by an emperor scorpion]
 42782 | Spider:3 | HP: 14/133 [poisoned by an emperor scorpion]
 42788 | Spider:3 | HP: 15/133 [poisoned by an emperor scorpion]
 42793 | Spider:3 | HP: 16/133 [poisoned by an emperor scorpion]
 42800 | Spider:3 | HP: 19/133 [poisoned by an emperor scorpion]
 42808 | Spider:3 | HP: 23/133 [poisoned by an emperor scorpion]
 43057 | Spider:4 | Reached ****** piety under Vehumet
 43075 | Spider:4 | HP: 33/133 [ghost moth (5)]
 43078 | Spider:4 | HP: 9/133 [spark wasp (26)]
 43078 | Spider:4 | Mangled by a spark wasp

Vanquished Creatures
  Bai Suzhen (Spider:3)
  Nikola (Spider:1)
  Arachne (Spider:3)
  Roxanne (Spider:1)
  Aizul (Spider:1)
  An emperor scorpion (Spider:4)
  Nessos (D:12)
  A minotaur (Gauntlet)
  A dire elephant (Lair:6)
  An entropy weaver (Spider:2)
  A spark wasp (Spider:4)
  Snorg (D:11)
  A fire dragon (D:15)
  2 vault guards (D:14)
  3 boulder beetles
  Erolcha (Orc:2)
  An ice dragon (D:15)
  16 hydras
  3 catoblepae
  3 centaur warriors
  A hell beast (D:15)
  7 two-headed ogres
  3 ogre magi
  A deep troll earth mage (D:12)
  3 death yaks (Lair:6)
  Urug (Lair:6)
  Nergalle (Orc:2)
  A sixfirhy (Lair:6)
  2 glowing orange brains (Gauntlet)
  3 unseen horrors (D:14)
  A wolf spider zombie (D:11)
  A necromancer (D:14)
  A lindwurm (Lair:4)
  2 wizards
  3 ugly things
  2 cyclopes
  4 oklob plants
  3 orc knights
  2 harpies (D:14)
  3 manticores (D:12)
  24 wolf spiders
  15 orb spiders
  A deep elf mage (D:12)
  7 orc sorcerers (Orc:2)
  2 centaur zombies
  13 elephants
  5 black mambas
  Maurice (D:10)
  A rust devil (D:15)
  A smoke demon (Lair:6)
  A merfolk siren (Lair:2)
  15 cane toads
  A gargoyle (D:12)
  3 torpor snails
  An orange demon (Lair:6)
  Maggie (D:8)
  17 demonic crawlers
  2 yaktaurs (D:14)
  10 rime drakes
  The ghost of oc3rt the Sneak, a novice KoHu (D:5)
  14 komodo dragons
  A freezing wraith (D:14)
  A rime drake (shapeshifter) (D:12)
  3 ice devils (Lair:6)
  2 red devils (Lair:6)
  21 jumping spiders
  10 trolls
  2 queen bees
  4 meliai
  4 hornets
  7 blink frogs
  3 polar bears
  2 slime creatures
  A dream sheep (Lair:4)
  A meliai zombie (D:11)
  3 shadows
  A centaur simulacrum (D:14)
  Sigmund (D:3)
  20 humans (D:14)
  18 tarantellas
  84 redbacks
  A yak (shapeshifter) (D:13)
  50 yaks
  A hog (shapeshifter) (D:12)
  3 wyverns
  5 wraiths
  8 vampire mosquitoes
  3 basilisks
  A steam dragon (Lair:5)
  A fire elemental (Lair:1)
  2 wargs
  2 acid dragons
  19 water moccasins
  3 hell hounds (Lair:6)
  Duvessa (D:7)
  A hornet zombie (D:10)
  4 ice beasts
  5 sky beasts
  3 black bears
  15 orc warriors
  3 phantoms
  An eye of draining (shapeshifter) (D:13)
  An eye of draining (D:12)
  20 wolves
  16 ogres
  3 necrophages
  14 centaurs
  2 big kobolds
  25 bullfrogs
  A wyvern zombie (D:7)
  Dowan (D:7)
  2 water moccasin zombies
  5 scorpions
  A water moccasin skeleton (D:7)
  20 killer bees
  5 wights (D:8)
  4 electric eels
  10 howler monkeys
  2 quasits
  2 bullfrog zombies
  3 jellies
  20 orc priests
  3 centaur skeletons
  A gnoll shaman (D:10)
  4 hounds
  9 iron imps (D:15)
  A bullfrog skeleton (D:5)
  Terence (D:3)
  8 iguanas
  34 orc wizards
  11 worker ants
  A hell rat (Lair:4)
  A hound zombie (D:7)
  2 hound skeletons
  A worker ant zombie (D:10)
  Robin (D:3)
  21 gnolls
  12 adders
  6 white imps
  2 ufetubi
  3 oozes (D:1)
  An adder skeleton (D:5)
  An adder zombie (D:7)
  4 worms
  2 dart slugs (D:1)
  8 leopard geckos
  78 orcs
  7 giant cockroaches
  18 hobgoblins
  23 jackals
  12 kobolds
  3 quokkas
  A ball python (D:3)
  8 bats
  6 frilled lizards
  15 goblins
  A jackal zombie (D:7)
  A leopard gecko zombie (D:8)
  A quokka skeleton (D:6)
  A quokka zombie (D:8)
  9 rats
  A butterfly (Lair:1)
1024 creatures vanquished.

Vanquished Creatures (others)
  A wizard (D:3)
  3 demonic plants (Gauntlet)
  44 fulminant prisms
  24 fungi
  40 plants
  37 withered plants (Gauntlet)
149 creatures vanquished.

Grand Total: 1173 creatures vanquished

Table legend:
 A = Non-vault XP
 B = Vault XP
 C = Vault XP percentage of total XP
 D = Non-vault monster count
 E = Vault monster count
 F = Vault count percentage of total count
                 A         B        C        D         E       F
            +---------+---------+-------+---------+---------+-------
      Total |  133167 |  102051 |  43.4 |     724 |     299 |  29.2
            +---------+---------+-------+---------+---------+-------
        D:1 |      59 |       9 |  13.2 |      25 |       5 |  16.7
        D:2 |      41 |       5 |  10.9 |      14 |       3 |  17.6
        D:3 |     174 |     342 |  66.3 |      17 |      28 |  62.2
        D:4 |     261 |       0 |   0.0 |      21 |       0 |   0.0
        D:5 |     704 |     476 |  40.3 |      29 |       4 |  12.1
        D:6 |    1372 |       0 |   0.0 |      35 |       0 |   0.0
        D:7 |     906 |     457 |  33.5 |      33 |       8 |  19.5
        D:8 |    1977 |    1182 |  37.4 |      32 |       4 |  11.1
        D:9 |    2770 |       0 |   0.0 |      30 |       0 |   0.0
       D:10 |    4015 |     462 |  10.3 |      36 |       1 |   2.7
       D:11 |    5126 |    1519 |  22.9 |      27 |       5 |  15.6
       D:12 |    3983 |    8490 |  68.1 |      26 |      20 |  43.5
       D:13 |    6252 |       0 |   0.0 |      33 |       0 |   0.0
       D:14 |    5894 |   14537 |  71.2 |      21 |      39 |  65.0
       D:15 |    2581 |    3832 |  59.8 |       9 |      13 |  59.1
     Lair:1 |    2596 |    1782 |  40.7 |      11 |       4 |  26.7
     Lair:2 |    2157 |    1717 |  44.3 |       9 |       8 |  47.1
     Lair:3 |    5041 |     617 |  10.9 |      18 |       2 |  10.0
     Lair:4 |    9280 |    7216 |  43.7 |      28 |      22 |  44.0
     Lair:5 |    7084 |    1541 |  17.9 |      16 |       3 |  15.8
     Lair:6 |   15969 |   11934 |  42.8 |      48 |      26 |  35.1
   Spider:1 |   11915 |    7644 |  39.1 |      39 |       3 |   7.1
   Spider:2 |   20350 |    2199 |   9.8 |      67 |      20 |  23.0
   Spider:3 |    6873 |   11124 |  61.8 |      23 |       9 |  28.1
   Spider:4 |    8285 |   13002 |  61.1 |      22 |      28 |  56.0
      Orc:1 |    2336 |       0 |   0.0 |      32 |       0 |   0.0
      Orc:2 |    5166 |    7578 |  59.5 |      23 |      34 |  59.6
   Gauntlet |       0 |    4386 | 100.0 |       0 |      10 | 100.0
            +---------+---------+-------+---------+---------+-------

Illustrated notes

Table legend:
 A = Kills in this place as a percentage of kills in entire the game.
 B = Kills by you in this place as a percentage of kills by you in the entire game.
 C = Kills by friends in this place as a percentage of kills by friends in the entire game.
 D = Other kills in this place as a percentage of other kills in the entire game.
 E = Experience gained in this place as a percentage of experience gained in the entire game.
 F = Experience gained in this place divided by the number of levels of this place that you have seen.
                   A       B       C       D       E      F
               +-------+-------+-------+-------+-------+----------------------
         Total | 100.0 | 100.0 |   N/A |   N/A | 100.0 | 8111.0
       Dungeon |  50.6 |  50.6 |   N/A |   N/A |  28.7 | 4495.1
          Lair |  19.1 |  19.1 |   N/A |   N/A |  28.5 | 11155.7
   Spider Nest |  20.6 |  20.6 |   N/A |   N/A |  34.6 | 20348.0
  Orcish Mines |   8.7 |   8.7 |   N/A |   N/A |   6.4 | 7540.0
      Gauntlet |   1.0 |   1.0 |   N/A |   N/A |   1.9 | 4386.0
               +-------+-------+-------+-------+-------+----------------------

Table legend: (Time is in decaauts)
 A = Elapsed time spent in this place.
 B = Non-inter-level travel time spent in this place.
 C = Inter-level travel time spent in this place.
 D = Time resting spent in this place.
 E = Time spent auto-exploring this place.
 F = Levels seen in this place.
 G = Mean time per level.
                   A        B        C        D        E       F      G
               +--------+--------+--------+--------+--------+-----+--------+
         Total |  43218 |  40573 |   2645 |    392 |  34117 |  29 | 1490.3 |
       Dungeon |  22725 |  21357 |   1368 |     73 |  18521 |  15 | 1515.0 |
        Temple |    182 |    154 |     28 |      0 |    154 |   1 |  182.0 |
          Lair |  11195 |  10350 |    845 |    199 |   8605 |   6 | 1865.8 |
   Spider Nest |   5527 |   5234 |    293 |    120 |   4043 |   4 | 1381.8 |
  Orcish Mines |   2602 |   2492 |    110 |      0 |   2117 |   2 | 1301.0 |
      Gauntlet |    984 |    984 |      0 |      0 |    676 |   1 |  984.0 |
               +--------+--------+--------+--------+--------+-----+--------+

Top non-repeatable levels by time:
  Lair:6: 2676 daAuts
  Lair:4: 2373 daAuts
    D:11: 2028 daAuts
Spider:3: 2027 daAuts
   Orc:2: 1884 daAuts
     D:3: 1836 daAuts
  Lair:1: 1820 daAuts
     D:7: 1755 daAuts
     D:9: 1748 daAuts
     D:5: 1743 daAuts
     D:8: 1739 daAuts
Spider:1: 1608 daAuts
Spider:2: 1601 daAuts
  Lair:2: 1579 daAuts
    D:10: 1559 daAuts
